 Dungeon Crawl Stone Soup version 0.25-a0-577-ga4619f409e (webtiles) character file.

Game seed: 10981276370240278520, levelgen mode: deterministic

209 Flugslaktarn the Chopper (level 5, -1/47 HPs)
             Began as a Minotaur Fighter on Mar 2, 2020.
             Slain by a scorpion (4 damage)
             ... on level 4 of the Dungeon.
             The game lasted 00:00:18 (843 turns).

Flugslaktarn the Chopper (Minotaur Fighter)          Turns: 843, Time: 00:00:19

Health: -1/47      AC:  7    Str: 21    XL:     5   Next: 55%
Magic:  4/4        EV:  7    Int:  5    God:
Gold:   19         SH:  9    Dex: 10    Spells: 4/4 levels left

rFire    . . .     SeeInvis .   a - +0 war axe
rCold    . . .     Gourm    .   c - +0 kite shield
rNeg     . . .     Faith    .   b - +0 scale mail
rPois    .         Spirit   .   (helmet restricted)
rElec    .         Reflect  .   (no cloak)
rCorr    .         Harm     .   (no gloves)
MR       .....                  (no boots)
Stlth    ..........             (no amulet)
HPRegen  0.15/turn              (no ring)
MPRegen  0.09/turn              (no ring)

@: lethally poisoned (-1 -> -12)
A: retaliatory headbutt, horns 2
a: no special abilities


You were on level 4 of the Dungeon.
You were not hungry.

You visited 1 branch of the dungeon, and saw 4 of its levels.

You collected 19 gold pieces.

Inventory:

Hand Weapons
 a - a +0 war axe (weapon)
Armour
 b - a +0 scale mail (worn)
 c - a +0 kite shield (worn)
Scrolls
 f - a scroll of remove curse {unknown}
 h - 4 scrolls of teleportation {unknown}
 i - a scroll of noise {unknown}
Potions
 d - 2 potions of might
 g - a potion of haste {unknown}
Comestibles
 e - 2 rations
 j - 2 chunks of flesh


   Skills:
 + Level 4.7 Fighting
 * Level 4.8 Axes
 + Level 4.7 Armour
 + Level 4.7 Shields


You had 4 spell levels left.
You didn't know any spells.
Your spell library was empty.

Dungeon Overview and Level Annotations

Branches:
Dungeon (4/15)
 Temple: D:4-7

Altars:


Innate Abilities, Weirdness & Mutations

You reflexively headbutt those who attack you in melee.
You have a pair of horns on your head.


Message History

A scorpion is nearby!
You barely miss the scorpion.
The scorpion is severely wounded.
You feel sick. The scorpion barely misses you.
You hit the scorpion.
The scorpion is almost dead.
You feel sick. You block the scorpion's attack. The scorpion stings you.
* * * LOW HITPOINT WARNING * * *
You are lethally poisoned!
The scorpion poisons you!
You closely miss the scorpion. Your headbutt misses the scorpion.
The scorpion is almost dead.
* * * LOW HITPOINT WARNING * * *
You feel sick.
The scorpion stings you but does no damage.
You closely miss the scorpion. You headbutt the scorpion.
The scorpion is almost dead.
* * * LOW HITPOINT WARNING * * *
You feel sick. The scorpion stings you.
You die...

##.####..#########....#..#
#.# #..# #.#...# #. #.#
#..# #..#..#..# ##.# #..#
#...###... ...# #..#
#..#...#.. #### #..#
#.#.....#.
#..#########........#
#..........#.#...[.# ####
#.s@...#...#. .....
#.#.#...###.. ..... #
#.#..#..#.. .####
....#!..# .... ..#.....#..
.### #....!..#...# .#
#..........#.# ##
#####.... #... .


You could see a scorpion.

Vanquished Creatures
  An ogre (D:4)
  2 orc priests (D:3)
  2 worker ants (D:4)
  An adder (D:4)
  A worm (D:4)
  4 orcs
  A giant cockroach (D:3)
  A ball python skeleton (D:4)
  A bat (D:2)
14 creatures vanquished.

Notes
Turn   | Place    | Note
-------+----------+-------------------------------------------
     0 | D:1      | Flugslaktarn the Minotaur Fighter began the quest for the
                  | Orb.
     0 | D:1      | Reached XP level 1. HP: 19/19 MP: 0/0
    49 | D:3      | Noticed an orc priest
    49 | D:3      | Noticed an orc priest
    58 | D:3      | Killed an orc priest
    58 | D:3      | Reached XP level 2. HP: 15/27 MP: 1/1
    58 | D:3      | Reached XP level 3. HP: 18/33 MP: 2/2
   538 | D:4      | Reached XP level 4. HP: 40/40 MP: 3/3
   625 | D:4      | Noticed an ogre
   632 | D:4      | Killed an ogre
   632 | D:4      | Reached XP level 5. HP: 47/47 MP: 4/4
   843 | D:4      | Slain by a scorpion

Levels and vault maps discovered:
D:1:      dpeg_arrival_morbid_curiosity, layout_basic
D:2:      layout_basic, kennysheep_slug_shrine, vehumet_crystals,
          kennysheep_generic_room_16
D:3:      layout_loops_cross
D:4:      layout_loops_ring, zin_purify, temple_green, portal_sewer_entry_d,
          minmay_splitting_lines

Skill      XL: |  1  2  3  4 |
---------------+-------------+-----
Fighting       | 4 |  4.7
Axes           | 3 4 |  4.8
Armour         | 4 |  4.7
Shields        | 4 |  4.7

Action                   |  1- 3 |  4- 6 || total
-------------------------+-------+-------++-------
Melee: War axe           |    25 |    31 ||    56
       Headbutt          |     4 |     6 ||    10
Armor: Scale mail        |     9 |    10 ||    19
Dodge: Dodged            |    11 |     8 ||    19
Block: Kite shield       |    13 |    13 ||    26

Table legend:
 A = Non-vault XP
 B = Vault XP
 C = Vault XP percentage of total XP
 D = Non-vault monster count
 E = Vault monster count
 F = Vault count percentage of total count
                 A         B        C        D         E       F
            +---------+---------+-------+---------+---------+-------
      Total |     299 |       0 |   0.0 |      14 |       0 |   0.0
            +---------+---------+-------+---------+---------+-------
        D:2 |       1 |       0 |   0.0 |       1 |       0 |   0.0
        D:3 |      93 |       0 |   0.0 |       6 |       0 |   0.0
        D:4 |     205 |       0 |   0.0 |       7 |       0 |   0.0
            +---------+---------+-------+---------+---------+-------
